 Dungeon Crawl Stone Soup version 0.30.1-1-g62c8e00024 (webtiles) character file.

Game seed: 17465163058820490926

98 Inchmeat the Cudgeller (level 4, -3/39 HPs)
             Began as an Armataur Fighter on July 17, 2023.
             Killed from afar by Ijyb (17 damage)
             ... with a bolt of light
             ... on level 3 of the Dungeon.
             The game lasted 00:03:05 (2094 turns).

Inchmeat the Cudgeller (Armataur Fighter)           Turns: 2094, Time: 00:03:06

Health: -3/39      AC:  8    Str: 21    XL:     4   Next: 43%
Magic:  4/4        EV: 10    Int:  9    God:
Gold:   159        SH:  4    Dex: 11    Spells: 3/3 levels left

rFire   . . .        k - +2 hand axe (elec)
rCold   . . .        c - +0 buckler
rNeg    . . .        e - +0 chain mail
rPois   .            (no helmet)
rElec   .            (no cloak)
rCorr   .            (no gloves)
SInv    .            (no barding)
Will    .....        (no amulet) Stlth
                     j - +5 ring of evasion
HPRegen 0.26/turn    (no ring)
MPRegen 0.09/turn

%: roll
@: no status effects
A: large, rugged brown scales 3, deformed body, armoured tail, roll, long
tongue, awkward tongue
a: no special abilities


You were on level 3 of the Dungeon.
You visited 1 branch of the dungeon, and saw 3 of its levels.

You collected 159 gold pieces.

Inventory:

Hand Weapons
 a - a +0 flail
 k - a +2 hand axe of electrocution (weapon)
Missiles
 l - a boomerang (quivered)
Armour
 c - a +0 buckler (worn)
 e - a +0 chain mail (worn)
Magical Staves
 b - a staff of death
Jewellery
 j - a +5 ring of evasion (left hand)
Scrolls
 f - a scroll of vulnerability {unknown}
 i - a scroll of enchant armour {unknown}
Potions
 d - 2 potions of might
 g - a potion of magic {unknown}
 h - a potion of haste {unknown}
 m - 2 potions of heal wounds {unknown}


   Skills:
 * Level 2.7 Fighting
 - Level 4.2 Maces & Flails
 - Level 3.6 Armour
 - Level 3.2 Shields


You had 3 spell levels left.
You didn't know any spells.
Your spell library contained the following spells:

 Spells                   Type           Power      Damage    Failure   Level
 Animate Armour           Summ/Erth      0%         N/A       100%        4
 Blade Hands              Tmut           0%         N/A       100%        5
 Iron Shot                Conj/Erth      0%         9d1       100%        6


Dungeon Overview and Level Annotations

Branches:
Dungeon (3/15)

Altars:
Ashenzari
Wu Jian

Annotations:
D:3 Ijyb


Innate Abilities, Weirdness & Mutations

You are completely covered in rugged brown scales. (AC +3, +7% HP)
Armour fits poorly on your strangely shaped body.
You have a long armoured tail.
You roll when moving toward enemies. (Rampage)
Your long tongue fully drains potion bottles. (2x potion effects)
Your tongue gives you trouble enunciating. (1.5x scroll delay)


Message History

Ijyb is lightly wounded.
Ijyb completely misses you.
You hit Ijyb.
Your tail-slap misses Ijyb.
Ijyb is lightly wounded.
Ijyb hits you with a +0 club. The hobgoblin closely misses you.
Ijyb zaps a wand.
The bolt of light hits you!
You are confused.
You are too injured to fight recklessly!
You are too injured to fight recklessly!
You are too injured to fight recklessly!
You are too injured to fight recklessly!
You are too injured to fight recklessly!
Unknown command.
You are too injured to fight recklessly!
You are too injured to fight recklessly!
You are too injured to fight recklessly!
The bat hits you but does no damage.
The hobgoblin hits you but does no damage.
Ijyb closely misses you.
You closely miss the bat.
Your tail-slap misses the bat.
You barely miss the hobgoblin. You hit Ijyb but do no damage.
The bat hits you but does no damage.
The hobgoblin hits you but does no damage.
Ijyb hits you with a +0 club.
You're too confused to move!
You feel less confused. The bat hits you but does no damage.
You block the hobgoblin's attack. Ijyb hits you but does no damage.
You hit the hobgoblin.
You kill the hobgoblin!
You completely miss the bat. You barely miss Ijyb. You block the bat's attack.
The bat barely misses you. Ijyb barely misses you.
You closely miss Ijyb.
Your tail-slap misses Ijyb.
Ijyb is lightly wounded.
The bat hits you but does no damage. Ijyb hits you with a +0 club.
You slash Ijyb!
Ijyb is heavily wounded.
The bat hits you. The bat hits you but does no damage.
Ijyb hits you but does no damage.
Ijyb zaps a wand.
The bolt of light hits you!
You die...

.. ....#.......#....##.
#.#.............#......
.#.............#.##.#..
#...♣♣.♣♣.......#.#.#..
#...♣.♣.......#.##.#..
#. ♣.....♣..#.#.#.#.##.
#.#.♣♣...♣♣.#.#.#.##....
#....._.....#.#.#.#####
.#.♣♣.@.♣♣.#.#.#.##....
♣b..g.♣..#..........
#...♣.♣...#....(......
#...♣♣.♣♣...#..).......
..... ......#.#.#.####..
.... ..........#.#..##..
... ...#.....#.#.######
... .#.#.#.....#.#.#
.#.#.#.#.####


You could see Ijyb and a bat.

Vanquished Creatures
  A gnoll (D:3)
  3 worms (D:2)
  A dart slug (D:2)
  5 orcs (D:3)
  4 bats
  8 endoplasms
  A giant cockroach (D:1)
  9 hobgoblins
  6 jackals (D:1)
  8 kobolds
  2 quokkas (D:1)
  6 ball pythons
  5 frilled lizards
  4 goblins
  4 rats
67 creatures vanquished.

Notes
Turn   | Place    | Note
-------+----------+-------------------------------------------
     0 | D:1      | Inchmeat the Armataur Fighter began the quest for the Orb.
     0 | D:1      | Reached XP level 1. HP: 19/19 MP: 1/1
   186 | D:1      | Reached skill level 2 in Maces & Flails
   271 | D:1      | Reached XP level 2. HP: 15/26 MP: 2/2
   565 | D:1      | Reached skill level 3 in Maces & Flails
   616 | D:1      | Reached XP level 3. HP: 28/32 MP: 3/3
  1269 | D:2      | Identified the +1 robe of Protective Custody {rN+}
  1384 | D:2      | Found an ornate altar of the Wu Jian Council.
  1825 | D:3      | Reached skill level 4 in Maces & Flails
  1825 | D:3      | Reached XP level 4. HP: 36/39 MP: 4/4
  2070 | D:3      | Found a broken altar of Ashenzari.
  2085 | D:3      | Noticed Ijyb
  2094 | D:3      | Killed from afar by Ijyb

Illustrated notes

Levels and vault maps discovered:
D:1:      denvon_arrival_planthouse, layout_loops_ring
D:2:      layout_basic, basic_altar
D:3:      layout_basic, mainiacjoe_overflow_small_starburst,
          doesnt_xom_only_xom, minmay_vboxes, uniq_sigmund, uniq_ijyb

Skill      XL: |  1  2  3 |
---------------+----------+-----
Maces & Flails | 2 3 4 |  4.2
Fighting       | |  2.7
Armour         | |  3.6
Shields        | |  3.2

Action                     |  1- 3 |  4- 6 || total
---------------------------+-------+-------++-------
  Melee: Flail             |   129 |    33 ||   162
         Tailslap          |    12 |     3 ||    15
         Hand axe          |       |    13 ||    13
 Armour: Scale mail        |     8 |       ||     8
         Chain mail        |    72 |    25 ||    97
  Dodge: Dodged            |    32 |    16 ||    48
  Block: Buckler           |    26 |     8 ||    34
